 Dungeon Crawl Stone Soup version 0.30-a0-23-ge60ba3568b (webtiles) character file.

Game seed: 16598262846249440461

158 Newt the Trooper (level 5, 0/42 HPs)
             Began as a Demonspawn Gladiator on Aug 24, 2022.
             Was an Elder of Cheibriados.
             Killed from afar by Sigmund (6 damage)
             ... with a magic dart
             ... on level 4 of the Dungeon.
             The game lasted 00:04:32 (4593 turns).

Newt the Trooper (Demonspawn Gladiator)             Turns: 4593, Time: 00:04:32

Health: 0/42       AC:  5    Str: 25    XL:     5   Next: 16%
Magic:  5/5        EV: 13    Int: 18    God:    Cheibriados [****..]
Gold:   196        SH:  5    Dex: 24    Spells: 4/4 levels left

rFire   . . .      SeeInvis .    b - +0 sling
rCold   . . .      Faith    .    z - +0 buckler
rNeg    . . .      Spirit   .    r - +0 leather armour
rPois   .          Reflect  .    (helmet restricted)
rElec   .          Harm     .    A - +0 cloak
rCorr   .          Rampage  .    n - +0 pair of gloves
Will    .....                    (no boots)
Stlth   ++........               (no amulet)
HPRegen 0.14/turn                (no ring)
MPRegen 0.09/turn                (no ring)

@: very slow
A: antennae 1, hooves 1, demonic touch 1
a: Renounce Religion, Bend Time, Temporal Distortion, Slouch


You were on level 4 of the Dungeon.
You worshipped Cheibriados.
Cheibriados was greatly pleased with you.
You visited 1 branch of the dungeon, and saw 4 of its levels.

You collected 196 gold pieces.

Inventory:

Hand Weapons
 a - a +0 rapier
 b - a +0 sling (weapon)
Missiles
 d - 3 throwing nets
 e - a javelin
 l - a poisoned dart
 y - 4 datura-tipped darts
Armour
 c - a +0 helmet
 k - a +2 helmet
 n - a +0 pair of gloves (worn)
 r - a +0 leather armour (worn)
 z - a +0 buckler (worn)
 A - a +0 cloak (worn)
Wands
 o - a wand of flame (16)
Scrolls
 h - 2 scrolls of teleportation
 m - 2 scrolls of fear
 t - 2 scrolls of amnesia
 v - 2 scrolls of noise {unknown}
 x - a scroll of identify
Potions
 f - a potion of haste
 g - 2 potions of attraction
 i - 3 potions of curing
 j - a potion of ambrosia {unknown}
 p - 2 potions of mutation {unknown}
 q - a potion of lignification {unknown}
 s - 2 potions of heal wounds {unknown}
 u - 2 potions of brilliance {unknown}
 w - a potion of magic {unknown}


   Skills:
 - Level 4.0 Fighting
 - Level 2.6 Short Blades
 + Level 2.3 Ranged Weapons
 - Level 1.7 Throwing
 - Level 2.6 Dodging
 - Level 2.0 Stealth


You had 4 spell levels left.
You didn't know any spells.
Your spell library contained the following spells:

 Spells                   Type           Power      Damage    Failure   Level
 Necrotise                Necr           0%         1d4       34%         1
 Ensorcelled Hibernation  Hex/Ice        0%         N/A       45%         2
 Passwall                 Tmut/Erth      0%         N/A       45%         2
 Swiftness                Air            0%         N/A       71%         3
 Vampiric Draining        Necr           0%         2d6       71%         3
 Agony                    Necr           0%         N/A       100%        5


Dungeon Overview and Level Annotations

Branches:
Dungeon (4/15)             Temple (0/1) D:4

Altars:
Cheibriados
Ru

Annotations:
D:4 Sigmund


Innate Abilities, Weirdness & Mutations

You have a pair of small antennae on your head.
You have large cloven feet.
Your touch may inflict minor irresistible damage on your foes.


Message History

Sigmund gestures at you while chanting. You resist with some effort.
Sigmund looks at you with fury.
Sigmund is nearby!
Sigmund is nearby!
Sigmund is nearby!
You shoot a sling bullet. The sling bullet barely misses Sigmund.
Throw: 2 darts (poison)
Press: ? - help, Shift-Dir - straight line, f/p - Sigmund
Aim: Sigmund, wielding a +0 scythe and wearing a +0 robe (63% to hit)
You throw a poisoned dart. The poisoned dart hits Sigmund.
Sigmund is poisoned.
Sigmund gestures wildly while chanting.
Sigmund flickers and vanishes!
Deactivating autopickup; reactivate with Ctrl-A.
A magic dart appears from out of thin air!
The magic dart hits you. Something hits you. Something barely misses you.
Something hits you.
You hear some strange, mumbled words.
You are confused.
You're too confused to move!
You're too confused to move!
Something hits you.
Unknown command.
Something hits you. Something hits you but does no damage.
You feel less confused. You block something's attack. Something hits you!
There is an open gate, spattered with blood here.
You hear some strange, mumbled words.
A puff of flame appears from out of thin air!
The puff of flame hits you.
A puff of flame appears from out of thin air!
The puff of flame hits you!
* * * LOW HITPOINT WARNING * * *
There is a stone staircase leading down here.
A magic dart appears from out of thin air!
The magic dart hits you.
You die...

#...#
#.....<#####..............
###.#
#......##.......##.###...# #.#
######.............# #...# #.#
########.###### #...# #.#
##...##.# #...# #.# ##.....###
#...# #.# #..>.>..# #.).#
#.###### #.......# ######.##
#......####...@...# #......##
######....##.....######.###....
########...##...##.......#
#'{'####.##.##.....
#....#.........#..#
#....#.#.##.####...
####.#.#.##.......#
#.....#######..# ##...## ###...


There were no monsters in sight!

Vanquished Creatures
  A hound (D:4)
  Robin (D:4)
  3 adders
  2 dart slugs
  2 orcs (D:3)
  5 bats
  2 endoplasms (D:4)
  3 giant cockroaches
  12 goblins
  7 hobgoblins
  13 jackals
  3 quokkas (D:1)
  6 ball pythons
  A frilled lizard (D:1)
  11 kobolds
  6 rats
78 creatures vanquished.

Notes
Turn   | Place    | Note
-------+----------+-------------------------------------------
     0 | D:1      | Newt the Demonspawn Gladiator began the quest for the Orb.
     0 | D:1      | Reached XP level 1. HP: 16/16 MP: 1/1
    50 | D:1      | Found a faded altar of an unknown god.
    69 | D:1      | Reached skill level 1 in Stealth
   248 | D:1      | Discovered your monstrous ancestry.
   248 | D:1      | Gained mutation: You have a pair of small antennae on your
                  | head. [demonic ancestry]
   248 | D:1      | Reached XP level 2. HP: 22/22 MP: 2/2
   608 | D:1      | Prayed at the altar of an unknown god.
   608 | D:1      | Became a worshipper of Cheibriados the Contemplative
   608 | D:1      | Reached * piety under Cheibriados
  1205 | D:1      | Reached XP level 3. HP: 28/28 MP: 3/3
  1246 | D:2      | Reached ** piety under Cheibriados
  1558 | D:2      | Reached skill level 3 in Fighting
  1589 | D:2      | Found a sacrificial altar of Ru.
  2256 | D:3      | Gained mutation: Your touch may inflict minor irresistible
                  | damage on your foes. [demonic ancestry]
  2256 | D:3      | Reached XP level 4. HP: 35/37 MP: 4/4
  2640 | D:3      | Reached *** piety under Cheibriados
  2643 | D:3      | Reached skill level 4 in Fighting
  3142 | D:4      | Noticed Robin
  3152 | D:4      | Reached skill level 1 in Ranged Weapons
  3342 | D:4      | Killed Robin
  3876 | D:4      | Found a staircase to the Ecumenical Temple.
  3892 | D:4      | Gained mutation: You have large cloven feet. [demonic
                  | ancestry]
  3892 | D:4      | Reached XP level 5. HP: 9/42 MP: 5/5
  4279 | D:4      | Reached **** piety under Cheibriados
  4572 | D:4      | Noticed Sigmund
  4593 | D:4      | Killed from afar by Sigmund

Illustrated notes

Levels and vault maps discovered:
D:1:      lightli_arrival_noodles, layout_loops_ring,
          dreamdust_ecumenical_altar_statues, minmay_pentomino_r2
D:2:      wander_river, layout_basic, basic_altar
D:3:      layout_loops_corners
D:4:      layout_loops_cross, minmay_temple_entry_junction_2,
          minmay_misc_feat_enclosed, kennysheep_windowed_goal, uniq_sigmund,
          uniq_robin

Skill      XL: |  1  2  3  4 |
---------------+-------------+-----
Stealth        | 1 2 |  2.0
Fighting       | 3 4 |  4.0
Ranged Weapons | 2 |  2.3
Short Blades   | |  2.6
Throwing       | |  1.7
Dodging        | |  2.6

Action                   |  1- 3 |  4- 6 || total
-------------------------+-------+-------++-------
Melee: Rapier            |   128 |    11 ||   139
       Punch             |     2 |       ||     2
       Touch             |       |     2 ||     2
 Fire: Sling             |    47 |    94 ||   141
Throw: Throwing net      |       |     1 ||     1
       Dart              |       |     1 ||     1
  Use: Scroll            |     7 |     2 ||     9
 Stab: Sleeping          |     2 |       ||     2
       Held in net/web   |       |     1 ||     1
Armor: Leather armour    |    58 |    25 ||    83
Dodge: Dodged            |   129 |    57 ||   186
Block: Buckler           |       |     1 ||     1

Table legend: (Time is in decaauts)
 A = Elapsed time spent in this place.
 B = Non-inter-level travel time spent in this place.
 C = Inter-level travel time spent in this place.
 D = Time resting spent in this place.
 E = Time spent auto-exploring this place.
 F = Levels seen in this place.
 G = Mean time per level.
                   A        B        C        D        E       F      G
               +--------+--------+--------+--------+--------+-----+--------+
         Total |   5867 |   5743 |    124 |    916 |   4108 |   4 | 1466.8 |
       Dungeon |   5867 |   5743 |    124 |    916 |   4108 |   4 | 1466.8 |
               +--------+--------+--------+--------+--------+-----+--------+

Top non-repeatable levels by time:
     D:4: 1699 daAuts
     D:3: 1494 daAuts
     D:1: 1356 daAuts
     D:2: 1316 daAuts
